Map: Abyssal Reef LE

Players

SamuraiFunn

  • Race: Protoss Protoss
  • Spawn Location: 11:00

A.I. 1 (Elite) - Winner!

  • Race: Protoss Protoss
  • Spawn Location: 5:00

VOD

Have the link to the VOD?

Description

Time

  • Played on: Nov. 23, 2017, 6:23 p.m.
  • Length: 13:06
Show
View Real Time Build Order
Export as new Build Order

SamuraiFunn Protoss 

Build Orders: Dark Templar Rush 

Get SALT Encoding   

  12  0:01  Probe  
  13  0:13  Probe  
  14  0:22  Pylon  
  14  0:25  Probe  
  15  0:39  Assimilator  
  15  0:40  Probe  
  16  0:49  Gateway  
  16  0:53  Probe  
  17  1:05  Probe  
  18  1:17  Probe  
  19  1:29  Probe  
  19  1:32  Assimilator  
  20  1:41  Probe  
  20  1:42  Cybernetics Core  
  20  1:43  Zealot  
  23  2:01  Pylon  
  23  2:07  Nexus  
  23  2:19  Probe  
  24  2:25  Adept  
  26  2:31  Pylon  
  26  2:34  Twilight Council  
  26  2:43  Probe, Warp Gate (Chrono Boost)  
  27  2:55  Probe  
  27  2:58  Assimilator  
  28  3:00  Assimilator  
  28  3:19  Dark Shrine  
  28  3:29  Gateway x2  
  28  3:31  Probe x2  
  28  3:32  Gateway  
  30  3:43  Pylon  
  30  3:45  Probe x2  
  32  3:57  Probe  
  32  3:58  Probe  
  34  4:03  Robotics Facility  
  34  4:10  Probe  
  34  4:11  Probe  
  36  4:25  Probe x2  
  38  4:42  Dark Templar  
  40  4:48  Dark Templar  
  40  4:49  Dark Templar x2  
  40  4:52  Warp Prism (Chrono Boost)  
  48  5:02  Pylon  
  48  5:04  Shadow Stride (Chrono Boost)  
  48  5:16  Probe x2  
  49  5:28  Dark Templar  
  49  5:29  Dark Templar  
  49  5:33  Zealot  
  55  5:37  Warp Prism  
  57  5:51  Dark Templar  
  59  6:04  Dark Templar  
  59  6:11  Pylon  
  61  6:12  Pylon x2  
  61  6:13  Probe  
  62  6:29  Probe  
  63  6:34  Probe  
  64  6:41  Probe  
  65  6:50  Nexus  
  65  6:53  Pylon  
  65  6:55  Robotics Facility, Pylon  
  65  6:56  Robotics Facility  
  65  6:58  Pylon, Assimilator  
  65  6:59  Pylon  
  65  7:02  Assimilator  
  65  7:04  Probe x2  
  63  7:38  Dark Templar x3  
  63  7:39  Dark Templar  
  53  8:35  Dark Templar x4  
  61  8:52  Probe x2  
  61  8:55  Probe  
  64  9:04  Probe  
  65  9:11  Gateway  
  65  9:12  Gateway  
  65  9:13  Gateway  
  65  9:14  Dark Templar x3  
  65  9:15  Dark Templar  
  73  9:22  Immortal x2  
  73  9:23  Immortal  
  85  9:28  Robotics Bay  
  85  9:29  Robotics Facility  
  85  9:48  Dark Templar  
  85  9:49  Dark Templar x3  
  93  10:00  Charge (Chrono Boost)  
  89  10:24  Zealot  
  89  10:25  Zealot x2  
  89  10:27  Zealot  
  97  10:31  Zealot x3  
  103  10:40  Immortal x2  
  103  10:41  Immortal  
  115  10:49  Forge  
  115  10:50  Forge  
  115  10:58  Zealot x2  
  119  11:16  Warp Prism  
  121  11:19  Warp Prism  
  101  11:35  Zealot x4  
  73  11:51  Dark Templar x3  
  59  12:06  Observer x4  
  57  12:18  Stalker x2  
  57  12:19  Stalker x2  
  57  12:33  Stalker x3  
  60  13:00  Stalker x3  
Show
View Real Time Build Order
Export as new Build Order

A.I. 1 (Elite) Protoss - Winner!

Build Orders: Zealot Archon, Dark Templar Rush 

Get SALT Encoding   

  12  0:00  Probe  
  13  0:13  Probe  
  14  0:20  Pylon  
  14  0:25  Probe  
  15  0:38  Probe  
  16  0:48  Assimilator  
  16  0:50  Probe  
  16  0:51  Gateway  
  17  1:02  Probe, Pylon  
  18  1:14  Probe  
  19  1:26  Probe  
  20  1:37  Assimilator  
  20  1:38  Probe  
  21  1:40  Zealot  
  21  1:41  Cybernetics Core  
  23  1:51  Probe  
  24  2:03  Probe  
  24  2:07  Zealot  
  27  2:15  Probe  
  28  2:20  Warp Gate  
  28  2:22  Twilight Council  
  28  2:24  Pylon  
  28  2:27  Probe  
  29  2:34  Stalker  
  31  2:42  Gateway  
  31  2:52  Probe  
  32  3:02  Dark Shrine  
  32  3:04  Probe  
  33  3:07  Gateway  
  33  3:16  Probe, Pylon  
  34  3:25  Zealot  
  36  3:28  Probe  
  36  3:34  Zealot  
  38  3:40  Probe  
  39  3:43  Pylon  
  39  4:00  Adept  
  41  4:05  Adept  
  43  4:14  Nexus  
  43  4:21  Dark Templar  
  45  4:34  Dark Templar  
  47  4:40  Archon, Stalker  
  47  4:41  Pylon  
  49  4:54  Dark Templar  
  51  5:03  Stalker  
  51  5:06  Dark Templar  
  55  5:14  Pylon  
  55  5:23  Archon  
  55  5:26  Sentry, Stalker  
  59  5:29  Probe  
  59  5:34  Assimilator  
  60  5:39  Dark Templar  
  60  5:41  Probe  
  63  5:43  Probe  
  64  5:53  Probe  
  64  5:55  Probe  
  64  5:56  Assimilator  
  66  5:59  Dark Templar  
  68  6:05  Probe  
  68  6:07  Probe  
  68  6:09  Archon  
  70  6:13  Robotics Facility  
  70  6:17  Probe  
  71  6:21  Probe  
  72  6:26  Dark Templar  
  72  6:29  Pylon  
  74  6:33  Probe  
  74  6:34  Probe  
  74  6:38  Dark Templar  
  78  6:45  Probe  
  78  6:47  Probe  
  80  6:48  Archon  
  80  6:50  Dark Templar  
  80  6:51  Pylon  
  82  6:58  Probe  
  82  6:59  Probe  
  84  7:01  Dark Templar  
  86  7:09  Observer  
  86  7:10  Probe  
  86  7:11  Probe  
  86  7:13  Stalker  
  86  7:15  Pylon  
  91  7:22  Probe, Stalker  
  88  7:23  Probe  
  81  7:34  Probe  
  81  7:35  Probe  
  81  7:36  Stalker  
  72  7:46  Probe  
  72  7:47  Probe  
  72  7:48  Archon  
  72  7:50  Dark Templar  
  73  7:58  Probe  
  73  8:02  Dark Templar  
  73  8:05  Probe  
  76  8:10  Probe  
  74  8:17  Probe  
  68  8:22  Probe  
  69  8:29  Probe  
  70  8:34  Probe, Stalker  
  70  8:41  Probe  
  74  8:46  Probe  
  75  8:51  Stalker  
  75  8:53  Probe  
  78  8:57  Sentry  
  78  8:59  Probe  
  81  9:04  Zealot  
  81  9:05  Probe  
  84  9:11  Probe  
  85  9:17  Probe  
  85  9:23  Probe  
  87  9:29  Probe  
  88  9:35  Probe  
  88  9:36  Forge  
  89  9:41  Probe  
  89  9:43  Forge  
  89  10:00  Probe x2, Stalker  
  89  10:02  Pylon  
  92  10:10  Protoss Ground Weapons Level 1  
  92  10:12  Probe  
  93  10:15  Archon, Dark Templar  
  93  10:16  Protoss Ground Armor Level 1  
  95  10:21  Immortal, Stalker  
  95  10:25  Dark Templar  
  103  10:41  Nexus  
  103  10:49  Pylon, Zealot  
  105  10:54  Zealot  
  107  10:58  Zealot  
  109  11:09  Zealot  
  111  11:11  Pylon  
  111  11:14  Zealot  
  113  11:19  Zealot  
  115  11:29  Stalker  
  115  11:34  Pylon, Zealot  
  115  11:39  Adept  
  97  11:52  Sentry  
  77  11:54  Stalker  
  77  11:55  Probe  
  77  11:57  Probe  
  77  11:59  Stalker  
  77  12:00  Probe  
  80  12:07  Probe  
  81  12:09  Probe  
  81  12:12  Probe  
  81  12:15  Zealot  
  85  12:17  Adept  
  85  12:19  Probe, Immortal  
  85  12:21  Probe  
  85  12:22  Stalker  
  95  12:24  Probe  
  94  12:31  Probe  
  94  12:33  Probe  
  94  12:35  Stalker  
  94  12:36  Probe  
  99  12:37  Stalker  
  99  12:43  Probe  
  100  12:45  Probe, Stalker  
  100  12:48  Probe  
  106  12:58  Stalker  
  106  13:00  Sentry  
Tags
 
Add a new tag
Caveats
  • Supply blocks, unpowered buildings, or Contaminate may cause inaccurate times.
  • Supply counts are checked every 10 seconds.